 Dungeon Crawl Stone Soup version 0.27.1 (webtiles) character file.

Game seed: 7899564478540910129

3 ZARRMARR the Insei (level 1, -1/13 HPs)
             Began as an Octopode Transmuter on Aug 31, 2021.
             Slain by a jackal (2 damage)
             ... on level 1 of the Dungeon.
             The game lasted 00:01:15 (241 turns).

ZARRMARR the Insei (Octopode Transmuter)             Turns: 241, Time: 00:01:16

Health: -1/13      AC:  1    Str:  9    XL:     1   Next: 50%
Magic:  2/3        EV: 13    Int: 15    God:
Gold:   3          SH:  0    Dex: 12    Spells: 3/4 levels left

rFire    . . .     SeeInvis .     - Unarmed
rCold    . . .     Faith    .   (no shield)
rNeg     . . .     Spirit   .   (helmet currently unavailable)
rPois    .         Reflect  .   (no amulet)
rElec    .         Harm     .   (no ring)
rCorr    .         Rampage  .   (no ring)
Will     .....                  (no ring)
Stlth    ++........             (no ring)
HPRegen  0.04/turn              (no ring)
MPRegen  0.08/turn              (no ring)
                                (no ring)
                                (no ring)

@: appendages (expiring)
A: tentacle spike 3, almost no armour, amphibious, 8 rings, camouflage 1,
gelatinous body 1, (nimble swimmer 1), tentacles
a: End Transformation


You were on level 1 of the Dungeon.
One of your tentacles had grown a beastly spike.
You visited 1 branch of the dungeon, and saw 1 of its levels.

You collected 3 gold pieces.

Inventory:

Missiles
 a - 11 poisoned darts (quivered)


   Skills:
 - Level 1.0 Fighting
 * Level 2.0 Dodging
 + Level 3.1 Unarmed Combat
 + Level 2.0 Spellcasting
 + Level 2.0 Transmutations


You had 3 spell levels left.
You knew the following spells:

 Your Spells              Type           Power      Damage    Failure   Level
a - Beastly Appendage     Tmut           14%        N/A       10%         1

Your spell library contained the following spells:

 Spells                   Type           Power      Damage    Failure   Level
 Wereblood                Tmut           7%         N/A       14%         2
 Spider Form              Tmut/Pois      2%         N/A       41%         3
 Ice Form                 Ice/Tmut       4%         N/A       82%         4


Dungeon Overview and Level Annotations

Branches:
Dungeon (1/15)

Altars:


Innate Abilities, Weirdness & Mutations

One of your tentacles has grown a beastly spike.
You cannot wear most types of armour.
You are amphibious.
You can wear up to eight rings at the same time.
Your skin changes colour to match your surroundings (Stealth+).
Your rubbery body absorbs attacks. (AC +1, EV +1)
((You are camouflaged near water. (Stealth+)))
You have tentacles for arms and can constrict up to eight enemies at once.


Message History

You start resting.
Your tentacle spike disappears.
You start resting.
Magic restored.
You start resting.
HP restored.
Found a dagger.
You see here 11 poisoned darts.
You see here 11 poisoned darts.
a - 11 poisoned darts Unknown command.
Found a spear. 2 jackals come into view.
Casting: Beastly Appendage (safe; 10% risk of failure)
Confirm with . or Enter, or press ? or * to list all spells.
One of your tentacles grows a vicious spike.
A quokka and a jackal come into view.
The jackal barks! x2
A jackal comes into view.
The jackal bites you.
You barely miss the jackal. You grab the jackal.
You pierce the jackal, but do no damage.
You constrict the jackal, but do no damage.
The jackal bites you. The quokka closely misses you.
You closely miss the quokka. Your grab misses the quokka.
You constrict the jackal, but do no damage.
The jackal barely misses you. The quokka closely misses you.
The jackal misses you.
You closely miss the quokka. Your grab misses the quokka.
You constrict the jackal. The quokka bites you. The jackal closely misses you.
You barely miss the quokka. You grab the quokka. You constrict the quokka.
You constrict the jackal. The quokka completely misses you.
The jackal bites you. x3
You tentacle-slap the jackal but do no damage.
You grab the jackal.
Your transformation is almost over.
You constrict the quokka.
You constrict the jackal. x2; The quokka bites you.
* * * LOW HITPOINT WARNING * * *
The jackal barely misses you. The jackal bites you.
You die...

#### ##.....## #...
#.......# ##...
........## #....
.........# #...P
#.....##.# #....
#.h..###.# ##....
#hhr...#.# ##....P
#####h@###.#.####...#..
.....................#..
..............####...##.
.##########.............
#..########... #..# #.#.
#..# #... #..# ##.# #..#
#.#


You could see a quokka and 4 jackals.

Vanquished Creatures
  2 kobolds (D:1)
  2 ball pythons (D:1)
4 creatures vanquished.

Notes
Turn   | Place    | Note
-------+----------+-------------------------------------------
     0 | D:1      | ZARRMARR the Octopode Transmuter began the quest for the
                  | Orb.
     0 | D:1      | Reached XP level 1. HP: 13/13 MP: 3/3
   241 | D:1      | Slain by a jackal

Illustrated notes

Levels and vault maps discovered:
D:1:      dpeg_arrival_castle, layout_loops_ring,
          dreamdust_ecumenical_altar_drowned_temple, minivault_11, hex_large,
          minmay_misc_feat_plants, minmay_statues_item

Action                   || total
-------------------------++-------
Melee: Unarmed           ||     9
       Constrict         ||     5
       Kick              ||     2
       Tentacles         ||     2
 Cast: Beastly Appendage ||     4
Dodge: Dodged            ||    10
